[ AOE2 MATCH · #484180479 ]
UnrankedCumans vs Mongols
[ REPLAY ANALYSIS · EXTRACTED FROM THE RECORDED GAME ]
Feudal
9:59
Castle
22:08
Imperial
31:00
| APM avg | 40.8 |
| APM peak | 78 |
| eAPM avg | 15.7 |
| Villagers / military | 132 / 72 |
Focus
⚔️ 23.6% · 🌾 76.4%
Kipchak ×71 · Scout Cavalry ×1
Feudal
10:41
Castle
20:22
Imperial
38:42
| APM avg | 64.3 |
| APM peak | 96 |
| eAPM avg | 24.2 |
| Villagers / military | 91 / 90 |
Focus
⚔️ 21.8% · 🌾 78.2%
Cavalry Archer ×52 · Mangudai ×31 · Scout Cavalry ×4 · Spearman ×3
Feudal
8:33
Castle
18:27
Imperial
35:57
| APM avg | 33.1 |
| APM peak | 73 |
| eAPM avg | 19.8 |
| Villagers / military | 145 / 66 |
Focus
⚔️ 29.7% · 🌾 70.3%
Mangudai ×46 · Mangonel ×16 · Scout Cavalry ×4 · Trade Cart ×1
Feudal
8:27
Castle
21:51
Imperial
38:31
| APM avg | 54.4 |
| APM peak | 113 |
| eAPM avg | 23.8 |
| Villagers / military | 119 / 106 |
Focus
⚔️ 32.4% · 🌾 67.6%
Knight ×85 · Scout Cavalry ×21
Feudal
10:31
Castle
21:59
Imperial
—
| APM avg | 24.8 |
| APM peak | 74 |
| eAPM avg | 18.0 |
| Villagers / military | 161 / 9 |
Focus
⚔️ 20.5% · 🌾 79.5%
Spearman ×7 · Mangonel ×2
Feudal
9:19
Castle
19:17
Imperial
31:19
| APM avg | 28.8 |
| APM peak | 81 |
| eAPM avg | 17.5 |
| Villagers / military | 146 / 56 |
Focus
⚔️ 20.2% · 🌾 79.8%
Knight ×46 · Scout Cavalry ×5 · Trebuchet (Packed) ×3 · Monk ×2
Feudal
11:58
Castle
16:03
Imperial
29:38
| APM avg | 28.3 |
| APM peak | 67 |
| eAPM avg | 15.6 |
| Villagers / military | 132 / 36 |
Focus
⚔️ 20.8% · 🌾 79.2%
Fire Lancer ×30 · Unknown (1920) ×12 · Unknown (1923) ×4 · Trebuchet (Packed) ×3 · Battering Ram ×2 · Monk ×1
Feudal
10:57
Castle
15:26
Imperial
29:57
| APM avg | 42.9 |
| APM peak | 86 |
| eAPM avg | 25.7 |
| Villagers / military | 143 / 31 |
Focus
⚔️ 45.9% · 🌾 54.1%
Unknown (2579) ×164 · Battering Ram ×30 · Monk ×1
Match map
Initial resources + every placement click. Lines = walls · curves = elevation contours. ◆ gold · ⬟ stone · ● berries · ✦ relic · ◌ wall gap
Your base· ✓ Closed at 22:08 · 10t walls · no gate
Javier's base· ✓ Closed at 20:22 · 18t walls · 2 gate(s)
moreAPMplease's base· ✓ Closed at 18:27 · 25t walls · no gate
Leo713's base· ✓ Closed at 21:51 · 1t walls · no gate
TigerGecko's base· ✓ Closed at 21:59 · 51t walls · 1 gate(s)
Duke Nukem's base· ✓ Closed at 19:17 · 26t walls · 2 gate(s)
no way to win's base· ✓ Closed at 16:03 · 51t walls · no gate
atom's base· ✓ Closed at 15:26 · 55t walls · no gate
Smoothed initial terrain · ◌ = detected wall gap · hover for details
Inputs per minute
— mylove__ - - Javier
Build order — mylove__
First 150 of 333 actions detected
| 0:01 | Create | Villager (Male) |
| 0:01 | Create | Villager (Male) |
| 0:03 | Build | House |
| 0:04 | Build | House |
| 0:04 | Create | Villager (Male) |
| 0:04 | Create | Villager (Male) |
| 1:27 | Create | Villager (Male) |
| 1:47 | Build | Lumber Camp |
| 1:56 | Create | Villager (Male) |
| 2:28 | Create | Villager (Male) |
| 2:52 | Create | Villager (Male) |
| 2:52 | Create | Villager (Male) |
| 3:05 | Create | Villager (Male) |
| 3:36 | Create | Villager (Male) |
| 4:02 | Build | House |
| 4:14 | Create | Villager (Male) |
| 4:38 | Create | Villager (Male) |
| 4:39 | Create | Villager (Male) |
| 4:51 | Create | Villager (Male) |
| 4:56 | Build | Mill |
| 5:03 | Create | Villager (Male) |
| 5:21 | Create | Villager (Male) |
| 5:31 | Build | House |
| 5:54 | Create | Villager (Male) |
| 6:27 | Create | Villager (Male) |
| 6:41 | Research | Loom |
| 7:49 | Research | Feudal Age |
| 7:59 | Build | House |
| 8:33 | Build | Barracks |
| 8:55 | Build | House |
| 9:05 | Build | House |
| 9:30 | Build | Palisade Wall |
| 9:41 | Create | Villager (Male) |
| 9:59 | Age | Feudal Age |
| 10:08 | Build | Town Center |
| 10:15 | Create | Villager (Male) |
| 10:25 | Research | Double-Bit Axe |
| 10:45 | Create | Villager (Male) |
| 10:52 | Create | Villager (Male) |
| 10:54 | Research | Horse Collar |
| 11:28 | Build | Farm |
| 11:29 | Create | Villager (Male) |
| 11:42 | Create | Villager (Male) |
| 11:58 | Build | Farm |
| 11:59 | Create | Villager (Male) |
| 11:59 | Create | Villager (Male) |
| 12:25 | Build | Farm |
| 12:35 | Create | Villager (Male) |
| 12:36 | Create | Villager (Male) |
| 12:42 | Create | Villager (Male) |
| 12:45 | Build | Farm |
| 12:50 | Build | House |
| 13:08 | Build | Farm |
| 13:10 | Create | Villager (Male) |
| 13:21 | Build | Farm |
| 13:22 | Create | Villager (Male) |
| 13:23 | Create | Villager (Male) |
| 13:27 | Build | Farm |
| 13:29 | Build | Farm |
| 13:37 | Create | Villager (Male) |
| 13:46 | Build | House |
| 13:49 | Build | Farm |
| 13:57 | Build | Mining Camp |
| 14:02 | Build | Farm |
| 14:03 | Create | Villager (Male) |
| 14:04 | Create | Villager (Male) |
| 14:06 | Create | Villager (Male) |
| 14:08 | Build | Farm |
| 14:20 | Build | House |
| 14:30 | Create | Villager (Male) |
| 14:32 | Create | Villager (Male) |
| 14:35 | Build | Farm |
| 14:35 | Create | Villager (Male) |
| 14:48 | Build | House |
| 14:57 | Create | Villager (Male) |
| 14:59 | Build | Farm |
| 15:05 | Build | Blacksmith |
| 15:12 | Create | Villager (Male) |
| 15:12 | Create | Villager (Male) |
| 15:17 | Build | Farm |
| 15:18 | Create | Villager (Male) |
| 15:19 | Create | Villager (Male) |
| 15:31 | Build | House |
| 15:38 | Build | Farm |
| 15:45 | Create | Villager (Male) |
| 15:50 | Create | Villager (Male) |
| 16:05 | Build | House |
| 16:08 | Create | Villager (Male) |
| 16:18 | Build | Farm |
| 16:23 | Build | Farm |
| 16:24 | Build | Farm |
| 16:28 | Build | Farm |
| 16:37 | Create | Villager (Male) |
| 16:40 | Build | Farm |
| 16:44 | Create | Villager (Male) |
| 16:56 | Create | Villager (Male) |
| 17:06 | Build | House |
| 17:10 | Create | Villager (Male) |
| 17:12 | Build | Farm |
| 17:14 | Build | Farm |
| 17:15 | Create | Villager (Male) |
| 17:41 | Build | Farm |
| 17:42 | Create | Villager (Male) |
| 17:42 | Create | Villager (Male) |
| 17:46 | Build | House |
| 18:03 | Build | Farm |
| 18:31 | Create | Villager (Male) |
| 18:34 | Build | Market |
| 18:37 | Create | Villager (Male) |
| 18:38 | Create | Villager (Male) |
| 19:03 | Create | Villager (Male) |
| 19:19 | Research | Castle Age |
| 19:30 | Build | Mining Camp |
| 19:33 | Create | Villager (Male) |
| 19:39 | Build | Lumber Camp |
| 19:40 | Build | Lumber Camp |
| 19:54 | Create | Villager (Male) |
| 20:07 | Build | Farm |
| 20:09 | Research | Fletching |
| 20:14 | Create | Villager (Male) |
| 20:21 | Research | Gold Mining |
| 20:22 | Research | Stone Mining |
| 20:25 | Create | Villager (Male) |
| 20:36 | Build | Farm |
| 20:44 | Build | Mining Camp |
| 21:08 | Create | Villager (Male) |
| 21:12 | Research | Padded Archer Armor |
| 21:23 | Build | Stable |
| 21:35 | Create | Villager (Male) |
| 21:52 | Create | Villager (Male) |
| 22:08 | Age | Castle Age |
| 22:11 | Build | Town Center |
| 22:13 | Research | Wheelbarrow |
| 22:20 | Build | Town Center |
| 22:21 | Research | Bow Saw |
| 22:23 | Research | Heavy Plow |
| 22:26 | Research | Bloodlines |
| 22:28 | Research | Bodkin Arrow |
| 22:31 | Create | Villager (Male) |
| 22:31 | Create | Villager (Male) |
| 23:08 | Build | Mining Camp |
| 23:18 | Build | Town Center |
| 23:20 | Create | Villager (Male) |
| 23:21 | Create | Villager (Male) |
| 23:26 | Research | Leather Archer Armor |
| 23:31 | Create | Scout Cavalry |
| 23:33 | Create | Villager (Male) |
| 23:34 | Create | Villager (Male) |
| 23:35 | Create | Villager (Male) |
| 23:41 | Create | Villager (Male) |
Build order — Javier
First 150 of 278 actions detected
| 0:02 | Create | Villager (Male) |
| 0:02 | Create | Villager (Male) |
| 0:03 | Build | House |
| 0:04 | Build | House |
| 0:20 | Create | Villager (Male) |
| 0:21 | Create | Villager (Male) |
| 1:29 | Create | Villager (Male) |
| 1:54 | Create | Villager (Male) |
| 2:18 | Build | Lumber Camp |
| 2:30 | Create | Villager (Male) |
| 2:59 | Create | Villager (Male) |
| 3:24 | Create | Villager (Male) |
| 3:41 | Build | House |
| 3:56 | Create | Villager (Male) |
| 4:00 | Create | Villager (Male) |
| 4:46 | Create | Villager (Male) |
| 4:55 | Create | Villager (Male) |
| 5:11 | Create | Villager (Male) |
| 5:20 | Build | House |
| 5:34 | Create | Villager (Male) |
| 5:45 | Create | Villager (Male) |
| 5:50 | Build | House |
| 5:52 | Build | Palisade Wall |
| 6:06 | Create | Villager (Male) |
| 6:28 | Create | Villager (Male) |
| 6:33 | Build | Barracks |
| 6:39 | Create | Villager (Male) |
| 7:25 | Build | Mill |
| 7:36 | Build | Palisade Wall |
| 7:38 | Create | Villager (Male) |
| 7:50 | Research | Loom |
| 8:08 | Research | Feudal Age |
| 8:21 | Build | Palisade Wall |
| 8:51 | Build | House |
| 8:55 | Build | Palisade Wall |
| 9:18 | Create | Villager (Male) |
| 9:55 | Build | Palisade Gate |
| 10:31 | Create | Villager (Male) |
| 10:41 | Age | Feudal Age |
| 10:46 | Build | Stable |
| 10:52 | Build | Blacksmith |
| 11:08 | Create | Villager (Male) |
| 11:12 | Build | Mining Camp |
| 11:23 | Build | Farm |
| 11:35 | Create | Scout Cavalry |
| 11:35 | Create | Scout Cavalry |
| 11:49 | Build | House |
| 11:51 | Create | Villager (Male) |
| 11:55 | Build | Farm |
| 11:59 | Build | Farm |
| 12:02 | Create | Villager (Male) |
| 12:19 | Create | Villager (Male) |
| 12:37 | Create | Villager (Male) |
| 12:45 | Create | Villager (Male) |
| 12:48 | Build | Farm |
| 12:52 | Build | Farm |
| 13:11 | Build | Farm |
| 13:18 | Research | Double-Bit Axe |
| 13:22 | Build | Farm |
| 13:40 | Create | Villager (Male) |
| 13:49 | Create | Scout Cavalry |
| 13:50 | Create | Villager (Male) |
| 14:18 | Create | Villager (Male) |
| 14:22 | Create | Villager (Male) |
| 14:25 | Build | Farm |
| 14:25 | Build | Farm |
| 14:26 | Build | Farm |
| 14:27 | Create | Villager (Male) |
| 14:28 | Research | Wheelbarrow |
| 14:38 | Create | Scout Cavalry |
| 14:49 | Research | Scale Barding Armor |
| 14:57 | Create | Villager (Male) |
| 15:28 | Create | Villager (Male) |
| 15:35 | Build | House |
| 15:45 | Create | Villager (Male) |
| 15:56 | Create | Villager (Male) |
| 16:13 | Create | Villager (Male) |
| 16:18 | Build | Farm |
| 16:29 | Create | Villager (Male) |
| 16:49 | Build | Gate |
| 16:51 | Build | House |
| 16:57 | Create | Villager (Male) |
| 17:03 | Build | Mill |
| 17:03 | Build | Farm |
| 17:04 | Build | Farm |
| 17:04 | Build | Farm |
| 17:04 | Build | Farm |
| 17:04 | Build | Farm |
| 17:15 | Build | House |
| 17:16 | Build | House |
| 17:28 | Create | Spearman |
| 17:38 | Create | Spearman |
| 17:42 | Research | Castle Age |
| 18:13 | Build | Farm |
| 18:14 | Build | Farm |
| 18:17 | Research | Horse Collar |
| 18:17 | Research | Horse Collar |
| 18:20 | Build | Lumber Camp |
| 18:27 | Build | Mining Camp |
| 18:34 | Research | Bloodlines |
| 19:01 | Create | Spearman |
| 20:10 | Research | Stone Mining |
| 20:10 | Research | Stone Mining |
| 20:12 | Research | Gold Mining |
| 20:22 | Age | Castle Age |
| 20:24 | Create | Villager (Male) |
| 20:27 | Create | Villager (Male) |
| 20:38 | Research | Fletching |
| 20:40 | Create | Villager (Male) |
| 20:44 | Build | Archery Range |
| 20:47 | Build | Archery Range |
| 21:03 | Build | Town Center |
| 21:18 | Create | Villager (Male) |
| 21:19 | Research | Bodkin Arrow |
| 21:20 | Research | Bodkin Arrow |
| 21:30 | Create | Villager (Male) |
| 21:30 | Create | Cavalry Archer |
| 21:40 | Research | Wheelbarrow |
| 22:04 | Create | Cavalry Archer |
| 22:06 | Create | Villager (Male) |
| 22:11 | Create | Villager (Male) |
| 22:13 | Create | Villager (Male) |
| 22:13 | Create | Villager (Male) |
| 22:16 | Build | Farm |
| 22:27 | Research | Town Watch |
| 22:37 | Create | Villager (Male) |
| 22:50 | Build | Market |
| 23:02 | Create | Cavalry Archer |
| 23:16 | Create | Villager (Male) |
| 23:18 | Create | Villager (Male) |
| 23:18 | Create | Villager (Male) |
| 23:24 | Build | Mining Camp |
| 23:43 | Create | Cavalry Archer |
| 23:47 | Create | Villager (Male) |
| 24:13 | Create | Cavalry Archer |
| 24:14 | Create | Cavalry Archer |
| 24:19 | Create | Cavalry Archer |
| 24:24 | Create | Villager (Male) |
| 24:40 | Create | Cavalry Archer |
| 24:46 | Create | Villager (Male) |
| 24:46 | Create | Villager (Male) |
| 24:51 | Build | Farm |
| 24:56 | Build | House |
| 25:06 | Build | House |
| 25:08 | Build | House |
| 25:16 | Create | Villager (Male) |
| 25:20 | Research | Town Watch |
| 25:28 | Build | Farm |
| 25:34 | Create | Cavalry Archer |
| 25:34 | Create | Cavalry Archer |
Build order — moreAPMplease
First 150 of 374 actions detected
| 0:03 | Create | Villager (Male) |
| 0:05 | Build | House |
| 0:06 | Build | House |
| 0:27 | Create | Villager (Male) |
| 0:27 | Create | Villager (Male) |
| 0:28 | Create | Villager (Male) |
| 1:23 | Create | Villager (Male) |
| 1:42 | Create | Villager (Male) |
| 2:26 | Create | Villager (Male) |
| 2:50 | Create | Villager (Male) |
| 3:00 | Build | Lumber Camp |
| 3:22 | Create | Villager (Male) |
| 3:36 | Create | Villager (Male) |
| 3:48 | Create | Villager (Male) |
| 3:58 | Build | House |
| 3:58 | Create | Villager (Male) |
| 4:14 | Create | Villager (Male) |
| 4:25 | Build | Mill |
| 4:29 | Create | Villager (Male) |
| 4:40 | Build | Palisade Wall |
| 5:26 | Create | Villager (Male) |
| 5:32 | Create | Villager (Male) |
| 5:53 | Create | Villager (Male) |
| 6:23 | Research | Feudal Age |
| 6:23 | Research | Feudal Age |
| 6:36 | Build | House |
| 6:37 | Build | Palisade Wall |
| 6:37 | Build | Palisade Wall |
| 7:02 | Research | Loom |
| 7:02 | Create | Villager (Male) |
| 7:13 | Build | Barracks |
| 7:26 | Build | Palisade Wall |
| 7:27 | Build | Palisade Wall |
| 7:32 | Build | Palisade Wall |
| 8:33 | Age | Feudal Age |
| 8:35 | Build | Stable |
| 9:19 | Create | Villager (Male) |
| 9:26 | Create | Scout Cavalry |
| 9:28 | Build | House |
| 9:29 | Build | House |
| 9:40 | Research | Double-Bit Axe |
| 9:41 | Research | Horse Collar |
| 9:46 | Create | Villager (Male) |
| 9:51 | Build | Farm |
| 10:06 | Build | House |
| 10:11 | Create | Scout Cavalry |
| 10:13 | Create | Villager (Male) |
| 10:18 | Build | Palisade Wall |
| 10:20 | Build | Palisade Wall |
| 10:21 | Build | Palisade Wall |
| 10:23 | Build | Palisade Wall |
| 10:27 | Build | Farm |
| 10:31 | Create | Villager (Male) |
| 10:34 | Create | Scout Cavalry |
| 10:55 | Build | Farm |
| 10:58 | Create | Villager (Male) |
| 11:13 | Build | Farm |
| 11:15 | Create | Scout Cavalry |
| 11:27 | Build | Farm |
| 11:31 | Create | Villager (Male) |
| 11:31 | Create | Villager (Male) |
| 11:34 | Build | Farm |
| 11:56 | Create | Villager (Male) |
| 12:04 | Create | Villager (Male) |
| 12:20 | Create | Villager (Male) |
| 12:25 | Build | Mining Camp |
| 12:26 | Create | Villager (Male) |
| 12:41 | Create | Villager (Male) |
| 12:51 | Build | Mining Camp |
| 13:06 | Create | Villager (Male) |
| 13:29 | Build | Market |
| 13:51 | Create | Villager (Male) |
| 14:06 | Build | Farm |
| 14:35 | Create | Villager (Male) |
| 14:40 | Build | Blacksmith |
| 15:19 | Build | House |
| 15:47 | Research | Castle Age |
| 15:47 | Research | Castle Age |
| 16:19 | Research | Gold Mining |
| 16:19 | Research | Gold Mining |
| 16:50 | Build | Farm |
| 16:52 | Build | Farm |
| 16:59 | Build | Farm |
| 17:04 | Research | Fletching |
| 17:04 | Research | Fletching |
| 17:17 | Create | Villager (Male) |
| 18:20 | Create | Villager (Male) |
| 18:27 | Age | Castle Age |
| 18:31 | Build | Castle |
| 18:34 | Build | House |
| 18:41 | Research | Bow Saw |
| 18:41 | Research | Heavy Plow |
| 18:49 | Build | Town Center |
| 18:55 | Build | Farm |
| 18:59 | Build | Farm |
| 19:04 | Create | Villager (Male) |
| 19:19 | Create | Villager (Male) |
| 19:31 | Build | Farm |
| 19:54 | Create | Mangudai |
| 19:55 | Create | Mangudai |
| 20:01 | Research | Bodkin Arrow |
| 20:01 | Research | Bodkin Arrow |
| 20:02 | Create | Villager (Male) |
| 20:02 | Create | Villager (Male) |
| 20:03 | Create | Villager (Male) |
| 20:26 | Create | Mangudai |
| 20:29 | Create | Villager (Male) |
| 20:30 | Create | Villager (Male) |
| 20:50 | Build | Town Center |
| 20:57 | Build | Palisade Wall |
| 20:58 | Build | Palisade Wall |
| 21:05 | Create | Villager (Male) |
| 21:07 | Create | Villager (Male) |
| 21:08 | Create | Mangudai |
| 21:09 | Create | Mangudai |
| 21:09 | Create | Villager (Male) |
| 21:10 | Create | Villager (Male) |
| 21:14 | Build | Farm |
| 21:24 | Build | Farm |
| 21:29 | Create | Mangudai |
| 21:30 | Create | Villager (Male) |
| 21:31 | Create | Villager (Male) |
| 22:08 | Create | Mangudai |
| 22:10 | Create | Villager (Male) |
| 22:10 | Create | Villager (Male) |
| 22:13 | Build | Farm |
| 22:15 | Build | Farm |
| 22:18 | Build | Farm |
| 22:19 | Create | Villager (Male) |
| 22:20 | Create | Villager (Male) |
| 22:20 | Create | Villager (Male) |
| 22:22 | Build | Farm |
| 22:24 | Build | Farm |
| 22:33 | Create | Mangudai |
| 22:35 | Create | Villager (Male) |
| 22:38 | Build | Farm |
| 22:50 | Create | Villager (Male) |
| 23:00 | Create | Mangudai |
| 23:16 | Create | Mangudai |
| 23:18 | Create | Villager (Male) |
| 23:18 | Create | Villager (Male) |
| 23:19 | Create | Villager (Male) |
| 23:19 | Create | Villager (Male) |
| 23:19 | Create | Villager (Male) |
| 23:19 | Create | Villager (Male) |
| 23:23 | Build | House |
| 23:24 | Build | House |
| 23:25 | Build | House |
| 23:39 | Create | Mangudai |
| 23:41 | Create | Villager (Male) |
Build order — Leo713
First 150 of 377 actions detected
| 0:01 | Create | Villager (Male) |
| 0:01 | Create | Villager (Male) |
| 0:02 | Create | Villager (Male) |
| 0:03 | Build | House |
| 0:04 | Build | House |
| 0:05 | Create | Villager (Male) |
| 0:05 | Create | Villager (Male) |
| 1:16 | Create | Villager (Male) |
| 1:48 | Build | Lumber Camp |
| 1:54 | Create | Villager (Male) |
| 2:12 | Build | House |
| 2:21 | Create | Villager (Male) |
| 2:21 | Create | Villager (Male) |
| 2:41 | Create | Villager (Male) |
| 2:41 | Create | Villager (Male) |
| 2:41 | Create | Villager (Male) |
| 3:09 | Create | Villager (Male) |
| 3:09 | Create | Villager (Male) |
| 3:38 | Create | Villager (Male) |
| 3:38 | Create | Villager (Male) |
| 4:16 | Create | Villager (Male) |
| 4:16 | Create | Villager (Male) |
| 4:56 | Build | Mill |
| 5:14 | Create | Villager (Male) |
| 5:15 | Create | Villager (Male) |
| 6:17 | Research | Feudal Age |
| 6:35 | Build | House |
| 6:57 | Create | Villager (Male) |
| 7:12 | Build | Barracks |
| 7:20 | Create | Villager (Male) |
| 7:56 | Create | Villager (Male) |
| 8:27 | Age | Feudal Age |
| 8:32 | Build | Stable |
| 8:33 | Research | Double-Bit Axe |
| 8:33 | Research | Double-Bit Axe |
| 8:48 | Create | Villager (Male) |
| 8:58 | Build | House |
| 9:13 | Create | Scout Cavalry |
| 9:15 | Create | Scout Cavalry |
| 9:26 | Build | Farm |
| 9:27 | Build | Farm |
| 9:42 | Build | House |
| 9:48 | Create | Villager (Male) |
| 10:07 | Create | Scout Cavalry |
| 10:10 | Build | Farm |
| 10:16 | Build | Farm |
| 10:18 | Build | Farm |
| 10:19 | Create | Villager (Male) |
| 10:42 | Create | Villager (Male) |
| 10:44 | Build | Farm |
| 10:44 | Build | Farm |
| 10:59 | Create | Villager (Male) |
| 11:02 | Create | Scout Cavalry |
| 11:02 | Create | Scout Cavalry |
| 11:15 | Build | Farm |
| 11:16 | Build | Farm |
| 11:19 | Create | Villager (Male) |
| 11:34 | Create | Scout Cavalry |
| 11:42 | Create | Villager (Male) |
| 11:49 | Build | Farm |
| 11:50 | Build | Farm |
| 11:57 | Create | Villager (Male) |
| 12:23 | Create | Villager (Male) |
| 12:24 | Create | Scout Cavalry |
| 12:32 | Create | Villager (Male) |
| 12:39 | Build | Blacksmith |
| 12:40 | Create | Villager (Male) |
| 12:47 | Create | Scout Cavalry |
| 13:06 | Build | House |
| 13:10 | Research | Loom |
| 13:18 | Create | Scout Cavalry |
| 13:20 | Create | Villager (Male) |
| 13:21 | Research | Horse Collar |
| 13:23 | Build | Farm |
| 13:24 | Build | Farm |
| 13:44 | Create | Villager (Male) |
| 13:46 | Create | Scout Cavalry |
| 13:48 | Build | Farm |
| 13:49 | Build | Farm |
| 13:49 | Build | Farm |
| 14:07 | Create | Villager (Male) |
| 14:13 | Build | Farm |
| 14:14 | Build | Farm |
| 14:25 | Research | Scale Barding Armor |
| 14:36 | Build | Palisade Wall |
| 14:48 | Build | Farm |
| 14:49 | Research | Wheelbarrow |
| 15:01 | Create | Villager (Male) |
| 15:04 | Build | House |
| 15:05 | Build | House |
| 15:09 | Create | Scout Cavalry |
| 15:35 | Create | Scout Cavalry |
| 15:36 | Create | Villager (Male) |
| 16:01 | Build | House |
| 16:02 | Build | House |
| 16:05 | Create | Villager (Male) |
| 16:13 | Create | Villager (Male) |
| 16:17 | Build | Mining Camp |
| 16:18 | Create | Villager (Male) |
| 16:20 | Build | House |
| 16:21 | Build | House |
| 16:22 | Create | Villager (Male) |
| 16:54 | Build | House |
| 17:00 | Create | Villager (Male) |
| 17:05 | Build | House |
| 17:06 | Build | House |
| 17:30 | Create | Villager (Male) |
| 18:09 | Create | Villager (Male) |
| 18:12 | Build | Market |
| 18:15 | Create | Villager (Male) |
| 18:23 | Build | Farm |
| 18:23 | Build | Farm |
| 18:23 | Build | Farm |
| 18:24 | Build | Farm |
| 19:11 | Research | Castle Age |
| 19:14 | Research | Gold Mining |
| 19:34 | Build | House |
| 19:36 | Build | House |
| 19:37 | Build | House |
| 19:39 | Build | House |
| 19:40 | Build | House |
| 20:03 | Research | Bloodlines |
| 20:03 | Research | Bloodlines |
| 20:05 | Create | Villager (Male) |
| 21:30 | Build | Stable |
| 21:43 | Build | House |
| 21:43 | Build | House |
| 21:51 | Age | Castle Age |
| 21:54 | Research | Light Cavalry (upgrade) |
| 21:54 | Research | Light Cavalry (upgrade) |
| 21:55 | Research | Husbandry |
| 21:55 | Research | Husbandry |
| 21:57 | Research | Chain Barding Armor |
| 21:57 | Research | Chain Barding Armor |
| 22:03 | Create | Villager (Male) |
| 22:05 | Research | Bow Saw |
| 22:05 | Research | Bow Saw |
| 22:20 | Create | Knight |
| 22:20 | Create | Knight |
| 22:32 | Create | Villager (Male) |
| 22:37 | Create | Villager (Male) |
| 22:46 | Create | Scout Cavalry |
| 22:46 | Create | Scout Cavalry |
| 22:51 | Create | Villager (Male) |
| 23:02 | Build | Town Center |
| 23:03 | Create | Villager (Male) |
| 23:03 | Create | Villager (Male) |
| 23:15 | Create | Scout Cavalry |
| 23:16 | Create | Scout Cavalry |
| 23:34 | Create | Villager (Male) |
Build order — TigerGecko
First 150 of 319 actions detected
| 0:01 | Create | Villager (Male) |
| 0:01 | Create | Villager (Male) |
| 0:02 | Build | House |
| 0:04 | Build | House |
| 0:04 | Create | Villager (Male) |
| 0:04 | Create | Villager (Male) |
| 1:28 | Create | Villager (Male) |
| 1:56 | Build | Lumber Camp |
| 1:57 | Create | Villager (Male) |
| 2:27 | Create | Villager (Male) |
| 2:27 | Create | Villager (Male) |
| 2:44 | Create | Villager (Male) |
| 3:03 | Build | House |
| 3:15 | Create | Villager (Male) |
| 3:33 | Create | Villager (Male) |
| 3:34 | Create | Villager (Male) |
| 3:49 | Build | Mill |
| 4:08 | Create | Villager (Male) |
| 4:32 | Create | Villager (Male) |
| 4:32 | Create | Villager (Male) |
| 4:41 | Create | Villager (Male) |
| 4:44 | Create | Villager (Male) |
| 4:44 | Create | Villager (Male) |
| 5:11 | Build | House |
| 5:12 | Build | House |
| 5:15 | Create | Villager (Male) |
| 5:21 | Create | Villager (Male) |
| 6:17 | Create | Villager (Male) |
| 6:41 | Create | Villager (Male) |
| 7:22 | Create | Villager (Male) |
| 7:30 | Research | Loom |
| 7:35 | Build | Mining Camp |
| 7:58 | Build | House |
| 8:08 | Research | Feudal Age |
| 8:32 | Build | Barracks |
| 8:40 | Build | Palisade Wall |
| 8:50 | Build | Palisade Wall |
| 8:55 | Create | Villager (Male) |
| 9:18 | Create | Villager (Male) |
| 9:55 | Build | Palisade Wall |
| 9:57 | Build | Palisade Wall |
| 10:10 | Build | Palisade Wall |
| 10:13 | Build | Palisade Wall |
| 10:31 | Age | Feudal Age |
| 10:34 | Build | Stable |
| 10:40 | Create | Spearman |
| 10:52 | Create | Villager (Male) |
| 10:55 | Research | Double-Bit Axe |
| 11:33 | Create | Villager (Male) |
| 11:48 | Research | Horse Collar |
| 11:56 | Create | Villager (Male) |
| 12:16 | Create | Spearman |
| 12:20 | Build | House |
| 12:21 | Build | House |
| 12:29 | Create | Villager (Male) |
| 12:42 | Build | Palisade Wall |
| 12:51 | Build | Palisade Wall |
| 12:57 | Create | Villager (Male) |
| 13:12 | Build | Lumber Camp |
| 13:14 | Create | Villager (Male) |
| 13:27 | Build | Farm |
| 13:31 | Create | Villager (Male) |
| 13:43 | Create | Spearman |
| 13:43 | Create | Spearman |
| 13:45 | Create | Villager (Male) |
| 14:06 | Build | House |
| 14:08 | Build | House |
| 14:10 | Build | House |
| 14:21 | Build | Farm |
| 14:23 | Build | Farm |
| 14:25 | Create | Villager (Male) |
| 14:43 | Create | Villager (Male) |
| 14:46 | Build | Mining Camp |
| 14:49 | Build | Farm |
| 14:50 | Build | Farm |
| 14:52 | Build | Farm |
| 14:53 | Build | Farm |
| 15:00 | Create | Spearman |
| 15:00 | Create | Spearman |
| 15:02 | Create | Villager (Male) |
| 15:09 | Build | House |
| 15:10 | Create | Villager (Male) |
| 15:36 | Build | House |
| 15:37 | Build | House |
| 15:38 | Build | House |
| 15:40 | Build | Palisade Wall |
| 15:47 | Build | Farm |
| 15:49 | Build | Farm |
| 15:51 | Build | Farm |
| 16:06 | Build | Farm |
| 16:07 | Build | Farm |
| 16:08 | Create | Villager (Male) |
| 16:24 | Create | Spearman |
| 16:49 | Create | Villager (Male) |
| 16:50 | Create | Villager (Male) |
| 16:53 | Build | Farm |
| 17:18 | Build | Farm |
| 17:22 | Build | Farm |
| 17:26 | Create | Villager (Male) |
| 17:32 | Build | Donjon |
| 17:42 | Create | Villager (Male) |
| 17:47 | Build | Donjon |
| 18:13 | Build | Farm |
| 18:22 | Create | Villager (Male) |
| 18:27 | Build | Blacksmith |
| 18:35 | Create | Villager (Male) |
| 18:59 | Research | Castle Age |
| 19:13 | Build | Gate |
| 19:18 | Build | Farm |
| 19:46 | Research | Stone Mining |
| 19:49 | Research | Gold Mining |
| 20:27 | Create | Villager (Male) |
| 20:43 | Research | Fletching |
| 21:59 | Age | Castle Age |
| 22:00 | Research | Bow Saw |
| 22:02 | Research | Heavy Plow |
| 22:04 | Build | Town Center |
| 22:09 | Build | Town Center |
| 22:13 | Create | Villager (Male) |
| 22:19 | Build | Town Center |
| 22:40 | Create | Villager (Male) |
| 22:43 | Create | Villager (Male) |
| 22:43 | Create | Villager (Male) |
| 22:48 | Build | Farm |
| 22:49 | Build | Farm |
| 22:51 | Build | Farm |
| 22:52 | Build | Farm |
| 22:56 | Build | Farm |
| 22:59 | Build | Farm |
| 23:01 | Create | Villager (Male) |
| 23:01 | Create | Villager (Male) |
| 23:02 | Create | Villager (Male) |
| 23:27 | Create | Villager (Male) |
| 23:27 | Create | Villager (Male) |
| 23:27 | Create | Villager (Male) |
| 23:40 | Build | Monastery |
| 23:54 | Create | Villager (Male) |
| 23:56 | Build | Donjon |
| 24:00 | Create | Villager (Male) |
| 24:10 | Create | Villager (Male) |
| 24:34 | Create | Villager (Male) |
| 24:36 | Create | Villager (Male) |
| 24:37 | Create | Villager (Male) |
| 24:37 | Create | Villager (Male) |
| 24:37 | Create | Villager (Male) |
| 24:38 | Create | Villager (Male) |
| 24:38 | Create | Villager (Male) |
| 24:41 | Build | Farm |
| 24:42 | Build | Farm |
| 24:43 | Build | Farm |
Build order — Duke Nukem
First 150 of 301 actions detected
| 0:01 | Create | Villager (Male) |
| 0:01 | Create | Villager (Male) |
| 0:01 | Create | Villager (Male) |
| 0:02 | Build | House |
| 0:03 | Build | House |
| 0:12 | Create | Villager (Male) |
| 1:30 | Create | Villager (Male) |
| 1:31 | Create | Villager (Male) |
| 1:31 | Create | Villager (Male) |
| 1:31 | Create | Villager (Male) |
| 1:32 | Create | Villager (Male) |
| 1:41 | Build | Lumber Camp |
| 2:16 | Create | Villager (Male) |
| 2:16 | Create | Villager (Male) |
| 2:47 | Create | Villager (Male) |
| 3:05 | Create | Villager (Male) |
| 3:14 | Create | Villager (Male) |
| 3:14 | Create | Villager (Male) |
| 3:15 | Create | Villager (Male) |
| 3:23 | Build | House |
| 3:24 | Build | House |
| 3:58 | Create | Villager (Male) |
| 4:10 | Build | Mill |
| 4:19 | Create | Villager (Male) |
| 4:19 | Create | Villager (Male) |
| 5:06 | Create | Villager (Male) |
| 5:34 | Create | Villager (Male) |
| 5:56 | Create | Villager (Male) |
| 5:56 | Create | Villager (Male) |
| 6:29 | Research | Loom |
| 7:15 | Research | Feudal Age |
| 7:21 | Build | Barracks |
| 7:38 | Build | House |
| 7:46 | Build | House |
| 8:00 | Build | Palisade Wall |
| 8:20 | Build | Palisade Wall |
| 8:21 | Build | Palisade Wall |
| 8:57 | Create | Villager (Male) |
| 8:58 | Create | Villager (Male) |
| 9:19 | Age | Feudal Age |
| 9:25 | Build | Stable |
| 9:33 | Research | Double-Bit Axe |
| 9:34 | Research | Horse Collar |
| 9:47 | Build | House |
| 9:55 | Create | Villager (Male) |
| 9:58 | Build | House |
| 10:03 | Build | Palisade Gate |
| 10:19 | Create | Scout Cavalry |
| 10:23 | Create | Villager (Male) |
| 10:41 | Build | Farm |
| 10:44 | Build | Farm |
| 10:48 | Build | Farm |
| 10:55 | Build | Palisade Wall |
| 10:58 | Build | Palisade Gate |
| 11:04 | Create | Scout Cavalry |
| 11:05 | Create | Villager (Male) |
| 11:21 | Create | Scout Cavalry |
| 11:25 | Create | Villager (Male) |
| 11:30 | Build | Farm |
| 11:33 | Build | Farm |
| 11:39 | Build | House |
| 11:41 | Build | House |
| 11:43 | Create | Villager (Male) |
| 11:53 | Build | Farm |
| 11:57 | Create | Scout Cavalry |
| 12:01 | Build | House |
| 12:19 | Build | Farm |
| 12:20 | Create | Villager (Male) |
| 12:22 | Create | Scout Cavalry |
| 12:35 | Create | Villager (Male) |
| 13:13 | Create | Villager (Male) |
| 13:14 | Create | Villager (Male) |
| 13:17 | Build | Farm |
| 13:20 | Build | Farm |
| 13:23 | Build | Farm |
| 13:27 | Build | Farm |
| 13:30 | Build | Farm |
| 13:34 | Build | Farm |
| 13:45 | Create | Villager (Male) |
| 13:54 | Build | Farm |
| 13:55 | Build | Farm |
| 13:57 | Build | Farm |
| 14:02 | Create | Villager (Male) |
| 14:04 | Create | Villager (Male) |
| 14:22 | Build | Farm |
| 14:37 | Build | Mining Camp |
| 15:03 | Create | Villager (Male) |
| 15:26 | Create | Villager (Male) |
| 15:33 | Build | Market |
| 15:37 | Build | House |
| 15:42 | Create | Villager (Male) |
| 15:48 | Build | Farm |
| 15:50 | Build | Farm |
| 15:57 | Build | Farm |
| 16:14 | Build | Lumber Camp |
| 16:21 | Create | Villager (Male) |
| 16:52 | Research | Castle Age |
| 18:05 | Create | Villager (Male) |
| 18:40 | Create | Villager (Male) |
| 19:17 | Age | Castle Age |
| 19:20 | Build | Town Center |
| 19:26 | Build | Town Center |
| 19:43 | Create | Villager (Male) |
| 20:06 | Build | Town Center |
| 20:19 | Create | Villager (Male) |
| 20:19 | Create | Villager (Male) |
| 20:34 | Create | Villager (Male) |
| 20:34 | Create | Villager (Male) |
| 20:41 | Create | Villager (Male) |
| 20:45 | Create | Villager (Male) |
| 20:45 | Create | Villager (Male) |
| 20:47 | Research | Bow Saw |
| 20:53 | Create | Villager (Male) |
| 21:09 | Research | Heavy Plow |
| 21:12 | Create | Villager (Male) |
| 21:13 | Create | Villager (Male) |
| 21:26 | Create | Villager (Male) ×5 |
| 21:42 | Build | Monastery |
| 21:44 | Create | Villager (Male) |
| 21:44 | Create | Villager (Male) |
| 21:45 | Create | Villager (Male) |
| 21:53 | Research | Gold Mining |
| 21:57 | Research | Wheelbarrow |
| 21:59 | Create | Villager (Male) |
| 22:00 | Create | Villager (Male) |
| 22:01 | Create | Villager (Male) |
| 22:15 | Build | Mining Camp |
| 22:26 | Create | Villager (Male) |
| 22:27 | Create | Villager (Male) |
| 22:27 | Create | Villager (Male) |
| 22:28 | Create | Villager (Male) |
| 22:28 | Create | Villager (Male) |
| 22:36 | Build | Mill |
| 22:36 | Build | Farm |
| 22:37 | Build | Farm |
| 22:37 | Build | Farm |
| 22:37 | Build | Farm |
| 22:37 | Build | Farm |
| 22:37 | Build | Farm |
| 22:38 | Build | Farm |
| 22:38 | Build | Farm |
| 22:38 | Build | Farm |
| 22:57 | Create | Villager (Male) ×4 |
| 23:03 | Build | Mining Camp |
| 23:11 | Create | Villager (Male) ×2 |
| 23:14 | Build | Farm |
| 23:17 | Build | Farm |
| 23:20 | Build | Farm |
| 23:24 | Build | Mining Camp |
| 23:28 | Build | Farm |
Build order — no way to win
First 150 of 299 actions detected
| 0:03 | Create | Villager (Male) |
| 0:03 | Create | Villager (Male) |
| 0:04 | Create | Villager (Male) |
| 0:05 | Build | House |
| 0:06 | Build | House |
| 0:11 | Create | Villager (Male) |
| 1:37 | Create | Villager (Male) |
| 2:01 | Create | Villager (Male) |
| 2:22 | Build | Lumber Camp |
| 2:28 | Create | Villager (Male) |
| 2:35 | Create | Villager (Male) |
| 2:58 | Create | Villager (Male) |
| 3:32 | Create | Villager (Male) |
| 3:38 | Build | Palisade Wall |
| 4:03 | Build | House |
| 4:16 | Create | Villager (Male) |
| 4:16 | Create | Villager (Male) |
| 4:38 | Build | Palisade Wall |
| 4:43 | Build | Palisade Wall |
| 4:56 | Build | Palisade Wall |
| 5:08 | Create | Villager (Male) |
| 5:12 | Create | Villager (Male) |
| 5:12 | Create | Villager (Male) |
| 5:13 | Create | Villager (Male) |
| 5:33 | Build | House |
| 5:55 | Build | Palisade Wall |
| 6:04 | Create | Villager (Male) |
| 6:20 | Build | House |
| 6:31 | Create | Villager (Male) |
| 6:40 | Create | Villager (Male) |
| 6:51 | Create | Villager (Male) |
| 6:54 | Build | Palisade Wall |
| 6:55 | Build | Palisade Wall |
| 6:56 | Create | Villager (Male) |
| 7:07 | Build | Palisade Wall |
| 7:17 | Create | Villager (Male) |
| 7:37 | Build | House |
| 7:53 | Build | Palisade Wall |
| 8:00 | Create | Villager (Male) |
| 8:50 | Build | Palisade Wall |
| 9:10 | Build | Mill |
| 9:20 | Create | Villager (Male) |
| 9:48 | Research | Feudal Age |
| 10:31 | Build | House |
| 10:39 | Build | Pasture |
| 10:42 | Build | Pasture |
| 10:45 | Build | Pasture |
| 11:12 | Build | House |
| 11:26 | Build | Palisade Wall |
| 11:58 | Age | Feudal Age |
| 12:00 | Create | Villager (Male) |
| 12:02 | Create | Villager (Male) |
| 12:06 | Build | Market |
| 12:08 | Build | Blacksmith |
| 12:16 | Build | House |
| 12:57 | Create | Villager (Male) |
| 13:08 | Build | Mining Camp |
| 13:23 | Research | Castle Age |
| 13:59 | Research | Double-Bit Axe |
| 15:40 | Build | House |
| 15:45 | Build | House |
| 15:47 | Build | House |
| 15:51 | Build | House |
| 15:56 | Create | Villager (Male) |
| 16:03 | Age | Castle Age |
| 16:05 | Build | Town Center |
| 16:06 | Create | Villager (Male) |
| 16:10 | Build | Town Center |
| 16:13 | Create | Villager (Male) |
| 16:17 | Create | Villager (Male) |
| 16:27 | Create | Villager (Male) |
| 16:40 | Build | Town Center |
| 16:41 | Create | Villager (Male) |
| 16:55 | Research | Wheelbarrow |
| 16:58 | Create | Villager (Male) |
| 17:26 | Build | Palisade Wall |
| 17:34 | Build | Palisade Wall |
| 17:35 | Build | Palisade Wall |
| 17:39 | Create | Villager (Male) |
| 17:43 | Build | Pasture |
| 17:51 | Create | Villager (Male) |
| 17:56 | Build | Pasture |
| 17:57 | Create | Villager (Male) |
| 18:06 | Create | Villager (Male) |
| 18:09 | Build | Pasture |
| 18:11 | Create | Villager (Male) |
| 18:22 | Build | Pasture |
| 18:25 | Create | Villager (Male) |
| 18:50 | Build | Pasture |
| 18:50 | Create | Villager (Male) |
| 19:00 | Build | House |
| 19:02 | Create | Villager (Male) |
| 19:05 | Create | Villager (Male) |
| 19:08 | Create | Villager (Male) |
| 19:12 | Build | Pasture |
| 19:38 | Create | Villager (Male) |
| 19:45 | Create | Villager (Male) |
| 19:49 | Build | Pasture |
| 19:50 | Create | Villager (Male) |
| 19:51 | Create | Villager (Male) |
| 19:56 | Create | Villager (Male) |
| 20:12 | Build | Palisade Wall |
| 20:15 | Create | Villager (Male) |
| 20:22 | Build | Pasture |
| 20:23 | Create | Villager (Male) |
| 20:27 | Create | Villager (Male) |
| 20:30 | Create | Villager (Male) |
| 20:39 | Build | Pasture |
| 20:40 | Create | Villager (Male) |
| 20:45 | Build | Pasture |
| 20:46 | Create | Villager (Male) |
| 20:49 | Create | Villager (Male) |
| 20:50 | Create | Villager (Male) |
| 20:57 | Create | Villager (Male) |
| 20:57 | Create | Villager (Male) |
| 21:05 | Build | Pasture |
| 21:07 | Create | Villager (Male) |
| 21:17 | Research | Bow Saw |
| 21:38 | Research | Tech 1014 |
| 21:40 | Create | Villager (Male) |
| 21:41 | Create | Villager (Male) |
| 21:41 | Create | Villager (Male) |
| 21:48 | Create | Villager (Male) |
| 22:00 | Create | Villager (Male) |
| 22:01 | Create | Villager (Male) |
| 22:01 | Create | Villager (Male) |
| 22:07 | Build | Pasture |
| 22:08 | Create | Villager (Male) |
| 22:19 | Create | Villager (Male) |
| 22:25 | Research | Tech 1013 |
| 22:26 | Create | Villager (Male) |
| 22:30 | Build | Lumber Camp |
| 22:35 | Create | Villager (Male) |
| 22:42 | Create | Villager (Male) |
| 22:44 | Create | Villager (Male) |
| 22:49 | Build | Pasture |
| 22:50 | Create | Villager (Male) |
| 22:51 | Create | Villager (Male) |
| 22:51 | Create | Villager (Male) |
| 22:56 | Build | Pasture |
| 22:59 | Build | Pasture |
| 23:00 | Create | Villager (Male) |
| 23:01 | Create | Villager (Male) |
| 23:06 | Create | Villager (Male) |
| 23:12 | Create | Villager (Male) |
| 23:27 | Build | Pasture |
| 23:28 | Create | Villager (Male) |
| 23:32 | Create | Villager (Male) |
| 23:36 | Research | Gold Mining |
| 23:37 | Create | Villager (Male) |
Build order — atom
First 150 of 437 actions detected
| 0:02 | Create | Villager (Male) |
| 0:03 | Create | Villager (Male) |
| 0:03 | Create | Villager (Male) |
| 0:03 | Create | Villager (Male) |
| 0:03 | Create | Villager (Male) |
| 0:05 | Build | House |
| 0:06 | Build | House |
| 1:13 | Create | Villager (Male) |
| 1:13 | Create | Villager (Male) |
| 1:40 | Create | Villager (Male) |
| 1:40 | Create | Villager (Male) |
| 1:53 | Create | Villager (Male) |
| 2:30 | Create | Villager (Male) |
| 2:31 | Create | Villager (Male) |
| 2:34 | Build | Settlement |
| 3:06 | Create | Villager (Male) |
| 3:06 | Create | Villager (Male) |
| 3:36 | Create | Villager (Male) |
| 3:39 | Create | Villager (Male) |
| 4:01 | Create | Villager (Male) |
| 4:01 | Create | Villager (Male) |
| 5:01 | Create | Villager (Male) |
| 5:04 | Create | Villager (Male) |
| 5:33 | Create | Villager (Male) |
| 5:38 | Build | Settlement |
| 5:41 | Create | Villager (Male) |
| 5:53 | Create | Villager (Male) |
| 6:08 | Create | Villager (Male) |
| 6:25 | Create | Villager (Male) |
| 6:26 | Create | Villager (Male) |
| 6:40 | Create | Villager (Male) |
| 7:06 | Build | Palisade Wall |
| 7:08 | Build | Palisade Wall |
| 7:32 | Build | Palisade Wall |
| 7:33 | Build | Palisade Wall |
| 7:41 | Create | Villager (Male) |
| 8:32 | Research | Feudal Age |
| 8:32 | Research | Feudal Age |
| 8:37 | Research | Loom |
| 8:37 | Research | Loom |
| 9:28 | Build | Palisade Wall |
| 9:52 | Build | Palisade Wall |
| 10:30 | Build | Palisade Wall |
| 10:35 | Build | Farm |
| 10:37 | Build | Farm |
| 10:41 | Build | Farm |
| 10:50 | Build | Palisade Wall |
| 10:57 | Age | Feudal Age |
| 11:24 | Build | Market |
| 11:27 | Create | Villager (Male) |
| 11:31 | Research | Wheelbarrow |
| 11:31 | Research | Wheelbarrow |
| 11:39 | Build | Blacksmith |
| 12:04 | Build | House |
| 12:13 | Research | Double-Bit Axe |
| 12:13 | Research | Double-Bit Axe |
| 12:17 | Build | Farm |
| 12:21 | Build | Farm |
| 12:35 | Research | Castle Age |
| 12:42 | Build | Farm |
| 13:08 | Build | Palisade Wall |
| 13:17 | Research | Horse Collar |
| 13:17 | Research | Horse Collar |
| 13:17 | Research | Horse Collar |
| 13:28 | Build | House |
| 13:29 | Build | House |
| 13:44 | Build | House |
| 13:49 | Build | Palisade Wall |
| 14:03 | Research | Stone Mining |
| 14:04 | Research | Stone Mining |
| 14:15 | Create | Villager (Male) |
| 14:37 | Build | Palisade Wall |
| 14:40 | Build | Palisade Wall |
| 15:22 | Create | Villager (Male) |
| 15:26 | Age | Castle Age |
| 15:27 | Build | Town Center |
| 15:48 | Create | Villager (Male) |
| 16:09 | Build | Town Center |
| 16:11 | Create | Villager (Male) |
| 16:56 | Create | Villager (Male) |
| 16:56 | Create | Villager (Male) |
| 17:08 | Create | Villager (Male) |
| 17:09 | Create | Villager (Male) |
| 17:14 | Build | Monastery |
| 17:22 | Create | Villager (Male) |
| 17:34 | Build | Farm |
| 17:41 | Create | Villager (Male) |
| 17:49 | Create | Villager (Male) |
| 17:49 | Create | Villager (Male) |
| 17:50 | Create | Villager (Male) |
| 17:53 | Create | Villager (Male) |
| 18:06 | Build | Farm |
| 18:11 | Create | Monk |
| 18:14 | Create | Villager (Male) |
| 18:16 | Build | Farm |
| 18:21 | Create | Villager (Male) |
| 18:25 | Build | Farm |
| 18:35 | Build | Farm |
| 18:42 | Create | Villager (Male) |
| 18:48 | Build | Farm |
| 18:53 | Build | Farm |
| 18:53 | Create | Villager (Male) |
| 18:58 | Build | Farm |
| 19:11 | Build | House |
| 19:13 | Build | Farm |
| 19:15 | Create | Villager (Male) |
| 19:19 | Create | Villager (Male) |
| 19:24 | Build | House |
| 19:53 | Create | Villager (Male) |
| 19:55 | Create | Villager (Male) |
| 19:56 | Build | House |
| 19:59 | Create | Villager (Male) |
| 20:01 | Build | Farm |
| 20:02 | Build | Farm |
| 20:03 | Build | Farm |
| 20:03 | Create | Villager (Male) |
| 20:07 | Create | Villager (Male) |
| 20:17 | Build | Farm |
| 20:18 | Build | Farm |
| 20:19 | Create | Villager (Male) |
| 20:32 | Build | Town Center |
| 20:34 | Create | Villager (Male) |
| 20:37 | Create | Villager (Male) |
| 20:42 | Build | Farm |
| 20:46 | Build | Farm |
| 20:50 | Build | Farm |
| 20:50 | Build | Farm |
| 20:51 | Create | Villager (Male) |
| 20:57 | Build | House |
| 20:58 | Build | House |
| 21:00 | Build | House |
| 21:03 | Create | Villager (Male) |
| 21:16 | Create | Villager (Male) |
| 21:16 | Create | Villager (Male) |
| 21:21 | Build | Farm |
| 21:22 | Build | Farm |
| 21:27 | Create | Villager (Male) |
| 21:31 | Build | Farm |
| 21:33 | Create | Villager (Male) |
| 21:37 | Create | Villager (Male) |
| 21:42 | Create | Villager (Male) |
| 21:46 | Create | Villager (Male) |
| 21:57 | Create | Villager (Male) |
| 22:03 | Build | Castle |
| 22:12 | Create | Villager (Male) |
| 22:14 | Create | Villager (Male) |
| 22:16 | Create | Villager (Male) |
| 22:19 | Build | Farm |
| 22:20 | Build | Farm |
| 22:20 | Create | Villager (Male) |
Match timeline
| 3:38 | no way to win · wall_segment Palisade Wall x5 |
| 4:38 | no way to win · wall_segment Palisade Wall x4 |
| 4:40 | moreAPMplease · wall_segment Palisade Wall x3 |
| 4:43 | no way to win · wall_segment Palisade Wall x5 |
| 4:56 | no way to win · wall_segment Palisade Wall x4 |
| 5:52 | Javier · wall_segment Palisade Wall x5 |
| 5:55 | no way to win · wall_segment Palisade Wall x6 |
| 6:33 | Javier · first_building Barracks |
| 6:37 | moreAPMplease · wall_segment Palisade Wall x1 |
| 6:37 | moreAPMplease · wall_segment Palisade Wall x1 |
| 6:54 | no way to win · wall_segment Palisade Wall x1 |
| 6:55 | no way to win · wall_segment Palisade Wall x1 |
| 7:06 | atom · wall_segment Palisade Wall x8 |
| 7:07 | no way to win · wall_segment Palisade Wall x7 |
| 7:08 | atom · wall_segment Palisade Wall x10 |
| 7:12 | Leo713 · first_building Barracks |
| 7:13 | moreAPMplease · first_building Barracks |
| 7:21 | Duke Nukem · first_building Barracks |
| 7:26 | moreAPMplease · wall_segment Palisade Wall x1 |
| 7:27 | moreAPMplease · wall_segment Palisade Wall x1 |
| 7:32 | atom · wall_segment Palisade Wall x10 |
| 7:32 | moreAPMplease · wall_segment Palisade Wall x4 |
| 7:33 | atom · wall_segment Palisade Wall x5 |
| 7:36 | Javier · wall_segment Palisade Wall x5 |
| 7:53 | no way to win · wall_segment Palisade Wall x7 |
| 8:00 | Duke Nukem · wall_segment Palisade Wall x7 |
| 8:20 | Duke Nukem · wall_segment Palisade Wall x10 |
| 8:21 | Duke Nukem · wall_segment Palisade Wall x1 |
| 8:21 | Javier · wall_segment Palisade Wall x4 |
| 8:27 | Leo713 · age_up feudal |
| 8:32 | Leo713 · first_building Stable |
| 8:32 | TigerGecko · first_building Barracks |
| 8:33 | mylove__ · first_building Barracks |
| 8:33 | moreAPMplease · age_up feudal |
| 8:35 | moreAPMplease · first_building Stable |
| 8:40 | TigerGecko · wall_segment Palisade Wall x10 |
| 8:50 | TigerGecko · wall_segment Palisade Wall x12 |
| 8:50 | no way to win · wall_segment Palisade Wall x7 |
| 8:55 | Javier · wall_segment Palisade Wall x4 |
| 9:19 | Duke Nukem · age_up feudal |
| 9:25 | Duke Nukem · first_building Stable |
| 9:28 | atom · wall_segment Palisade Wall x5 |
| 9:30 | mylove__ · wall_segment Palisade Wall x10 |
| 9:52 | atom · wall_segment Palisade Wall x6 |
| 9:55 | TigerGecko · wall_segment Palisade Wall x6 |
| 9:57 | TigerGecko · wall_segment Palisade Wall x7 |
| 9:59 | mylove__ · age_up feudal |
| 10:10 | TigerGecko · wall_segment Palisade Wall x6 |
| 10:13 | TigerGecko · wall_segment Palisade Wall x8 |
| 10:18 | moreAPMplease · wall_segment Palisade Wall x1 |
| 10:20 | moreAPMplease · wall_segment Palisade Wall x1 |
| 10:21 | moreAPMplease · wall_segment Palisade Wall x1 |
| 10:23 | moreAPMplease · wall_segment Palisade Wall x11 |
| 10:30 | atom · wall_segment Palisade Wall x2 |
| 10:31 | TigerGecko · age_up feudal |
| 10:34 | TigerGecko · first_building Stable |
| 10:41 | Javier · age_up feudal |
| 10:46 | Javier · first_building Stable |
| 10:50 | atom · wall_segment Palisade Wall x9 |
| 10:55 | Duke Nukem · wall_segment Palisade Wall x8 |
| 10:57 | atom · age_up feudal |
| 11:26 | no way to win · wall_segment Palisade Wall x6 |
| 11:58 | no way to win · age_up feudal |
| 12:31 | atom · first_market_sell 100 stone |
| 12:42 | TigerGecko · wall_segment Palisade Wall x4 |
| 12:51 | TigerGecko · wall_segment Palisade Wall x1 |
| 13:08 | atom · wall_segment Palisade Wall x1 |
| 13:17 | no way to win · first_market_sell 100 wood |
| 13:49 | atom · wall_segment Palisade Wall x1 |
| 14:36 | Leo713 · wall_segment Palisade Wall x1 |
| 14:37 | atom · wall_segment Palisade Wall x1 |
| 14:40 | atom · wall_segment Palisade Wall x1 |
| 15:26 | atom · age_up castle |
| 15:40 | TigerGecko · wall_segment Palisade Wall x1 |
| 16:02 | atom · first_market_buy 100 wood |
| 16:03 | no way to win · age_up castle |
| 16:50 | Duke Nukem · first_market_sell 100 food |
| 17:14 | atom · first_building Monastery |
| 17:26 | no way to win · wall_segment Palisade Wall x2 |
| 17:32 | TigerGecko · first_building Donjon |
| 17:34 | no way to win · wall_segment Palisade Wall x1 |
| 17:35 | no way to win · wall_segment Palisade Wall x1 |
| 18:27 | moreAPMplease · age_up castle |
| 18:31 | moreAPMplease · first_building Castle |
| 18:48 | Duke Nukem · first_market_buy 100 stone |
| 19:17 | Duke Nukem · age_up castle |
| 20:12 | no way to win · wall_segment Palisade Wall x3 |
| 20:22 | Javier · age_up castle |
| 20:44 | Javier · first_building Archery Range |
| 20:57 | moreAPMplease · wall_segment Palisade Wall x1 |
| 20:58 | moreAPMplease · wall_segment Palisade Wall x1 |
| 21:23 | mylove__ · first_building Stable |
| 21:42 | Duke Nukem · first_building Monastery |
| 21:51 | Leo713 · age_up castle |
| 21:59 | TigerGecko · age_up castle |
| 22:03 | atom · first_building Castle |
| 22:08 | mylove__ · age_up castle |
| 23:40 | TigerGecko · first_building Monastery |
| 24:10 | Javier · first_market_sell 100 wood |
| 24:56 | no way to win · wall_segment Palisade Wall x1 |
| 24:57 | no way to win · wall_segment Palisade Wall x1 |
| 25:21 | no way to win · wall_segment Stone Wall x22 |
| 25:24 | atom · wall_segment Stone Wall x20 |
| 25:27 | Javier · first_market_buy 100 wood |
| 25:29 | no way to win · wall_segment Stone Wall x12 |
| 25:35 | no way to win · first_building Monastery |
| 26:04 | atom · first_building Siege Workshop |
| 26:06 | TigerGecko · wall_segment Palisade Wall x1 |
| 26:35 | mylove__ · first_building Castle |
| 26:42 | moreAPMplease · first_market_sell 100 wood |
| 27:49 | Duke Nukem · first_building Castle |
| 27:52 | Javier · first_building Castle |
| 28:03 | no way to win · first_building Castle |
| 28:35 | no way to win · wall_segment Stone Wall x9 |
| 29:33 | atom · wall_segment Stone Wall x7 |
| 29:36 | atom · wall_segment Stone Wall x9 |
| 29:38 | no way to win · age_up imperial |
| 29:57 | atom · age_up imperial |
| 30:16 | Duke Nukem · first_building Siege Workshop |
| 30:33 | no way to win · first_market_buy 100 stone |
| 30:38 | Duke Nukem · wall_segment Stone Wall x16 |
| 30:47 | no way to win · wall_segment Stone Wall x4 |
| 31:00 | mylove__ · age_up imperial |
| 31:18 | mylove__ · first_building Archery Range |
| 31:19 | Duke Nukem · age_up imperial |
| 31:43 | Duke Nukem · wall_segment Stone Wall x1 |
| 31:44 | Duke Nukem · wall_segment Stone Wall x1 |
| 31:52 | Duke Nukem · wall_segment Stone Wall x1 |
| 31:53 | Duke Nukem · wall_segment Stone Wall x2 |
| 31:54 | Duke Nukem · wall_segment Stone Wall x1 |
| 32:09 | no way to win · first_building Barracks |
| 32:14 | TigerGecko · first_building Siege Workshop |
| 33:27 | moreAPMplease · first_building Siege Workshop |
| 33:58 | no way to win · first_building Siege Workshop |
| 34:30 | Leo713 · first_market_sell 100 food |
| 34:56 | TigerGecko · first_building Castle |
| 34:58 | Leo713 · first_building Monastery |
| 35:27 | no way to win · tribute_sent a jugador 1 |
| 35:27 | no way to win · tribute_sent a jugador 2 |
| 35:27 | no way to win · tribute_sent a jugador 3 |
| 35:27 | no way to win · tribute_sent a jugador 4 |
| 35:27 | no way to win · tribute_sent a jugador 5 |
| 35:27 | no way to win · tribute_sent a jugador 6 |
| 35:27 | no way to win · tribute_sent a jugador 8 |
| 35:57 | moreAPMplease · age_up imperial |
| 36:06 | Leo713 · first_building Castle |
| 36:23 | moreAPMplease · first_building Archery Range |
| 36:54 | TigerGecko · resign |
| 38:31 | Leo713 · age_up imperial |
| 38:42 | Javier · age_up imperial |
[ AI ANALYSIS · 1 CREDIT ]
What really happened in this match?
Wolo.gg analyzes every decision: build order, eco, micro, common mistakes by bracket. Personalized analysis on WhatsApp or Discord in 30 seconds.
Civ guide
Cumans
Perfil
Jugador #4490211